 Dungeon Crawl Stone Soup version 0.27.1-2-g3b301248ec (webtiles) character file.

Game seed: 3275952683364785369

31 nxtlvl the Chopper (level 3, 0/31 HPs)
             Began as a Draconian Berserker on Sept 30, 2021.
             Was a Follower of Trog.
             Slain by Natasha (6 damage)
             ... on level 2 of the Dungeon.
             The game lasted 00:01:13 (139 turns).

nxtlvl the Chopper (Draconian Berserker)             Turns: 139, Time: 00:01:14

Health: 0/31       AC:  5    Str: 19    XL:     3   Next: 7%
Magic:  3/3        EV:  7    Int:  7    God:    Trog [*.....]
Gold:   0          SH: 11    Dex: 11    Spells: 2/2 levels left

rFire    . . .     SeeInvis .   a - +0 hand axe
rCold    . . .     Faith    .   c - +0 tower shield
rNeg     . . .     Spirit   .   (armour unavailable)
rPois    .         Reflect  .   (helmet restricted)
rElec    .         Harm     .   (no cloak)
rCorr    .         Rampage  .   (no gloves)
Will     .....                  (no boots)
Stlth    +.........             (no amulet)
HPRegen  0.10/turn              (no ring)
MPRegen  0.08/turn              (no ring)

@: on berserk cooldown, slowed, very slow
A: AC +5, unfitting armour, cold-blooded
a: Renounce Religion, Berserk


You were on level 2 of the Dungeon.
You worshipped Trog.
Trog was aware of your devotion.
You visited 1 branch of the dungeon, and saw 2 of its levels.

Inventory:

Hand Weapons
 a - a +0 hand axe (weapon)
Armour
 c - a +0 tower shield (worn)
Scrolls
 b - 2 scrolls of identify {unknown}


   Skills:
 - Level 3.2 Fighting
 * Level 4.2 Axes
 - Level 2.6 Dodging


You had 2 spell levels left.
You didn't know any spells.
Your spell library contained the following spells:

 Spells                   Type           Power      Damage    Failure   Level
 Shock                    Conj/Air       0%         1d3       100%        1
 Swiftness                Air            0%         N/A       100%        3
 Airstrike                Air            0%         N/A       100%        4


Dungeon Overview and Level Annotations

Branches:
Dungeon (2/15)

Altars:

Annotations:
D:2 Natasha


Innate Abilities, Weirdness & Mutations

Your plain brown scales are hard. (AC +5)
You cannot fit into any form of body armour.
You are cold-blooded and may be slowed by cold attacks.


Message History

Natasha glows brightly for a moment.
The endoplasm completely misses you.
The endoplasm hits you but does no damage.
You slash the endoplasm!
You kill the endoplasm!
Trog accepts your kill.
Natasha wildly gestures.
You feel troubled. Natasha claws you but does no damage.
You block Natasha's attack.
You closely miss Natasha. You tail-slap Natasha.
Natasha is moderately wounded.
You block Natasha's attack. Natasha claws you but does no damage.
You miss Natasha.
Natasha is moderately wounded.
Natasha casts a spell at you.
You feel as though you will be slow longer.
Natasha claws you. Natasha barely misses you.
You hit Natasha but do no damage.
Natasha is moderately wounded.
You block Natasha's attack.
Natasha stares at you and mumbles some strange words.
You resist with significant effort.
You slash Natasha!
Natasha is severely wounded.
Natasha claws you but does no damage.
Natasha casts a spell.
Natasha stares at you and mumbles some strange words.
The magic dart hits you!
* * * LOW HITPOINT WARNING * * *
You closely miss Natasha.
Natasha is severely wounded.
You block Natasha's attack. Natasha casts a spell at you.
You resist with significant effort.
You hit Natasha.
Natasha is almost dead.
Natasha howls an incantation.
Natasha glows brightly for a moment.
You block Natasha's attack. Natasha claws you.
You die...

............# .....
.......†....# ....# # .
...).....######...# .#..
...#####.# ....##....
..r......######........#
...##.......w..........#
...##........J..w5.....#
...+.......#####h###.##
...#####...#####@##
......................#
....###...............#
..w. #.##........##....
....# #.<......##.# .##
#.######.# .# # #. #.#
.# #. #.# .# #.


You could see a worm, an iron imp (summoned) and Natasha (strong).

Vanquished Creatures
  Natasha (D:2)
  A ball python (D:1)
  2 endoplasms
  A goblin (D:1)
  2 frilled lizards (D:1)
7 creatures vanquished.

Notes
Turn   | Place    | Note
-------+----------+-------------------------------------------
     0 | D:1      | nxtlvl the Draconian Berserker began the quest for the Orb.
     0 | D:1      | Reached XP level 1. HP: 19/19 MP: 1/1
   106 | D:2      | Noticed Natasha
   116 | D:2      | Killed Natasha
   117 | D:2      | Reached skill level 4 in Axes
   117 | D:2      | Reached XP level 2. HP: 17/26 MP: 2/2
   117 | D:2      | Reached XP level 3. HP: 21/31 MP: 3/3
   127 | D:2      | Noticed Natasha
   139 | D:2      | Slain by Natasha

Illustrated notes

Levels and vault maps discovered:
D:1:      dpeg_arrival_orchard, layout_basic, dilly_ecumenical_altar_fadedgnrine
D:2:      layout_basic, minivault_5, uniq_natasha

Skill      XL: |  1 |
---------------+----+-----
Axes           | 4 |  4.2
Fighting       | |  3.2
Dodging        | |  2.6

Action                   || total
-------------------------++-------
Melee: Hand axe          ||    28
       Tailslap          ||     4
Invok: Berserk           ||     1
Armor: Skin              ||    10
Dodge: Dodged            ||     7
Block: Tower shield      ||    16
